[Event "Late-Titled-Tuesday-Blitz-October-17-2023"]
[Site "Chess.com"]
[Date "2023.10.17"]
[Round "2"]
[White "Chessbard1972"]
[Black "Barmen_EV"]
[Result "0-1"]
[WhiteElo "2331"]
[BlackElo "2512"]
[TimeControl "180+1"]
[EndTime "14:17:56 PDT"]
[Termination "Barmen_EV won by checkmate"]

1. e4 c5 2. Nc3 Nc6 3. f4 g6 4. Nf3 e6 5. Bc4 Bg7 6. d3 Nge7 7. a3 O-O 8. O-O d5 9. Ba2 Rb8 10. Kh1 b5 11. Qe1 b4 12. Nb1 bxa3 13. Nxa3 Bxb2 14. Bxb2 Rxb2 15. f5 exf5 16. Qc3 Rb6 17. Qxc5 Be6 18. Ng5 h6 19. Nxe6 fxe6 20. exd5 exd5 21. Nb5 a6 22. Nd6 Rf6 23. Bxd5+ Nxd5 24. Qxd5+ Kh7 25. Ne8 Qxe8 26. Rae1 Qf7 27. Qc5 Rb5 28. Qc3 a5 29. h4 f4 30.
Re4 Rh5 31. Rfe1 Rxh4+ 32. Kg1 f3 33. Rxh4 f2+ 34. Kh2 fxe1=Q 35. Qxe1 g5 36. Re4 Qc7+ 37. Kg1 Qb6+ 38. d4 Nxd4 39. Re7+ Kg6 40. Qe4+ Nf5+ 41. Kh2 Qd6+ 42. Re5 Qd4 43. Qe2 Ng3 44. Qd3+ Qxd3 45.
cxd3 Nf1+ 46. Kg1 Rf5 47. Re6+ Kh5 48. Re4 Rf4 49. Re6 Ng3 50. Ra6 Rf1+ 51. Kh2 Kg4 52. Rxa5 Rh1# 0-1

[Event "Late-Titled-Tuesday-Blitz-October-17-2023"]
[Site "Chess.com"]
[Date "2023.10.17"]
[Round "2"]
[White "Hrant_ChessMood"]
[Black "biostatistician"]
[Result "1-0"]
[WhiteElo "2925"]
[BlackElo "2586"]
[TimeControl "180+1"]
[EndTime "14:17:59 PDT"]
[Termination "Hrant_ChessMood won on time"]

1. e4 e5 2. Nf3 Nc6 3. Bc4 Nf6 4. d3 Bc5 5. c3 d6 6. O-O a6 7. a4 Ba7 8. Na3 Bg4 9. h3 Bh5 10. Nc2 O-O 11. Be3 d5 12. exd5 Nxd5 13. Bxa7 Rxa7 14. Re1 Re8 15. Ne3 Nxe3 16. Rxe3 Ra8 17. Qe1 Qd6 18. b4 Re7 19. Ng5 Rae8 20. Ne4 Qh6 21. Nc5 Nd8 22. a5 Qd6 23. Ne4 Qd7 24. Rg3 Bg6 25. Qe3 Ne6 26. Re1 Nf4 27. Nc5 Qc6 28. Qf3 Qxf3 29. Rxf3 c6 30. Rfe3 Kf8 31. h4 f6 32.
g3 Nd5 33. Bxd5 cxd5 34. d4 Kf7 35. f3 h5 36. Kf2 Bf5 37. Rd1 e4 38. Rde1 g5 39.
fxe4 Bxe4 40. c4 gxh4 41. gxh4 f5 42. cxd5 Bxd5 43. Re5 Rxe5 44. dxe5 f4 45. Nd3 f3 46.
Nf4 Bc6 47. e6+ Ke7 48. Rg1 Kd6 49. Rg5 1-0

[Event "Late-Titled-Tuesday-Blitz-October-17-2023"]
[Site "Chess.com"]
[Date "2023.10.17"]
[Round "2"]
[White "LuisFSiles"]
[Black "Hambardzumyan_Yuri"]
[Result "0-1"]
[WhiteElo "2300"]
[BlackElo "2513"]
[TimeControl "180+1"]
[EndTime "14:17:59 PDT"]
[Termination "Hambardzumyan_Yuri won on time"]

1. e4 c5 2. Nf3 d6 3. d4 cxd4 4. Nxd4 Nf6 5. Nc3 a6 6. Bg5 Nbd7 7. Bd3 Qc7 8. f4 h6 9. Bh4 g5 10. fxg5 hxg5 11. Bxg5 Qc5 12. Nf5 Ne5 13. Bxf6 exf6 14. Qe2 Rxh2 15. O-O-O Rxh1 16. Rxh1 Be6 17. Nd5 Bxd5 18.
exd5 O-O-O 19. Rh4 Kb8 20. Nd4 Rc8 21. Bf5 Rd8 22.
b4 Qxd5 23. b5 Qxa2 24. Nb3 Qa3+ 25. Kb1 d5 26. bxa6 Qxa6 27. Qxa6 bxa6 28. Nd4 Kb7 29.
Nf3 Bc5 30. Rh7 Rf8 31. Be6 Kb6 32. Nxe5 fxe5 33. Rxf7 Rd8 34. Rd7 Rxd7 35. Bxd7 Be3 36.
g4 Kc5 37. c3 e4 38. Kc2 Bg5 39. Bc8 a5 40. Bd7 Kd6 41. Ba4 Ke5 42. Bc6 Kd6 0-1

[Event "Late-Titled-Tuesday-Blitz-October-17-2023"]
[Site "Chess.com"]
[Date "2023.10.17"]
[Round "2"]
[White "Thormento16"]
[Black "GoltsevDmitry2000"]
[Result "1-0"]
[WhiteElo "2338"]
[BlackElo "2667"]
[TimeControl "180+1"]
[EndTime "14:18:00 PDT"]
[Termination "Thormento16 won by checkmate"]

1. d4 Nf6 2. Nc3 e6 3. e4 d5 4. e5 Ne4 5. Nxe4 dxe4 6. a3 c5 7. c3 cxd4 8. cxd4 Nc6 9. Be3 Be7 10. Bc4 O-O 11. Ne2 a6 12. O-O b5 13. Bb3 Bb7 14.
Bc2 Na5 15. Ng3 Nc4 16. Nxe4 Nxb2 17. Qg4 g6 18. Bh6 Re8 19. g3 Nc4 20. h4 Kh8 21. h5 Rg8 22. Ng5 Qe8 23. Qf4 Bxg5 24. Bxg5 gxh5 25. Bf6+ Rg7 26. Qh6 Qg8 27. Rfd1 Rc8 28.
Rd3 Nb6 29. Bb3 Bd5 30. Qxh5 Bxb3 31. Rxb3 Nd5 32. Bxg7+ Qxg7 33. Rf3 Rc7 34. Kg2 Kg8 35. Rh1 Rc3 36. Rxc3 Nxc3 37. Rc1 b4 38. axb4 Qf8 39.
Qg5+ Kh8 40. Qf6+ Kg8 41. Rxc3 Qa8+ 42. Kh2 a5 43. bxa5 h5 44. Rf3 h4 45. gxh4 Kh7 46.
Qxf7+ Kh8 47. Qf8+ Kh7 48. Qb8 Kg6 49. Qxa8 Kh5 50.
Qh8+ Kg4 51. Rg3+ Kf4 52. Qf6+ Ke4 53. Qf3+ Kxd4 54. Qe3+ Kd5 55. a6 Kc4 56. Qd3+ Kc5 57. a7 Kb6 58. a8=Q Kc5 59. Qa5+ Kc6 60. Qd6+ Kb7 61.
Qac7+ Ka8 62. Qdd8# 1-0

[Event "Late-Titled-Tuesday-Blitz-October-17-2023"]
[Site "Chess.com"]
[Date "2023.10.17"]
[Round "2"]
[White "jcibarra"]
[Black "WPWPWP-2015"]
[Result "1-0"]
[WhiteElo "2903"]
[BlackElo "2565"]
[TimeControl "180+1"]
[EndTime "14:18:01 PDT"]
[Termination "jcibarra won on time"]

1. e4 e5 2. Nf3 Nf6 3. Nc3 Bb4 4. Nxe5 O-O 5. Be2 Re8 6. Nd3 Bxc3 7. dxc3 Nxe4 8.
Nf4 c6 9. c4 d6 10. O-O Na6 11. a4 Bf5 12. a5 Qd7 13. f3 Nf6 14. b3 Qe7 15. Rf2 Qe5 16. Bd2 d5 17. cxd5 cxd5 18.
Bf1 Rac8 19. c3 Nc5 20. b4 Ne6 21. Nd3 Qd6 22. Rc1 h6 23. g3 a6 24. Be1 Bg6 25.
Rd2 d4 26. c4 Ng5 27. Bf2 Rcd8 28. Nf4 Qxb4 29. Bg2 d3 30. Nxg6 fxg6 31. Bb6 Rc8 32.
h4 Ne6 33. Bf1 Rxc4 34. Rxc4 Qxc4 35. Bxd3 Qc6 36. Bxg6 Rf8 37. Rd6 Qc4 38. Bd3 Qa2 39. Bb1 Qc4 40. Qd2 Ne8 41. Ba2 Qa4 42. Rxe6 Kh8 43. Qe2 Qd7 44. Re7 Qc6 45. Bd5 Qc1+ 46. Kg2 1-0

[Event "Late-Titled-Tuesday-Blitz-October-17-2023"]
[Site "Chess.com"]
[Date "2023.10.17"]
[Round "2"]
[White "Dacean99"]
[Black "PapaieDudu"]
[Result "1-0"]
[WhiteElo "2621"]
[BlackElo "2364"]
[TimeControl "180+1"]
[EndTime "14:18:01 PDT"]
[Termination "Dacean99 won by resignation"]

1. d4 d5 2. Nf3 Nf6 3. c4 e6 4. cxd5 exd5 5. Nc3 Be7 6. Bg5 Nbd7 7. e3 O-O 8. Bd3 Re8 9. O-O Nf8 10. Rc1 Bg4 11.
h3 Bh5 12. Be2 c6 13. Ne5 Bxe2 14. Nxe2 Ne6 15. Bh4 Ne4 16. Bxe7 Qxe7 17. f3 Nd6 18. Re1 Rad8 19. Nc3 Nf5 20. Qd3 g6 21. Ne2 Qb4 22.
Nc3 Qa5 23. Ng4 Kg7 24. Qd2 a6 25. a3 Rd7 26. Red1 Rdd8 27. Kh1 h5 28. Ne5 Ng3+ 29.
Kh2 h4 30. Ng4 Qc7 31. Kg1 f5 32. Ne5 f4 33. exf4 Rf8 34. Qc2 Nxf4 35. Re1 Rde8 36. Qd2 c5 37. Na4 Nfe2+ 38. Rxe2 Nxe2+ 39. Qxe2 Rf5 40. Nxc5 b6 41. Ncd3 Qd6 42. Qc2 Re7 43. Qc6 Qxc6 44. Rxc6 Rf6 45. Rxf6 Kxf6 46. Nf4 g5 47. Nxd5+ Kg7 48.
Nxe7 Kf6 49. Nd5+ Ke6 50. Nxb6 Kd6 51. Kf2 Kc7 52. Nbc4 Kd8 53. d5 Ke7 54. d6+ Kd8 55. d7 a5 56. Nxa5 g4 57. Nac6+ Kc7 58. d8=Q+ Kb7 59. Qb8+ Ka6 60. Nb4+ Ka5 61. Qa7+ Kb5 62. Qa6+ Kc5 63. Qc6+ 1-0

[Event "Late-Titled-Tuesday-Blitz-October-17-2023"]
[Site "Chess.com"]
[Date "2023.10.17"]
[Round "2"]
[White "eljanov"]
[Black "amanmuhammethommadov"]
[Result "1-0"]
[WhiteElo "2831"]
[BlackElo "2525"]
[TimeControl "180+1"]
[EndTime "14:18:03 PDT"]
[Termination "eljanov won by resignation"]

1. Nf3 Nf6 2. g3 g6 3. Bg2 Bg7 4. O-O O-O 5. d4 d6 6. c4 c6 7. Nc3 Bf5 8. Bf4 Ne4 9. Na4 d5 10. Rc1 dxc4 11. Ne5 Nd6 12. Nc5 Bc8 13. Nxc4 Nxc4 14.
Rxc4 Nd7 15. Nb3 Nb6 16. Rc1 Nd5 17. Bg5 h6 18. Bd2 Nc7 19. e3 e5 20. Ba5 Qe7 21. Qd2 Be6 22. Bb4 Qg5 23. Bxf8 Rxf8 24. h4 Qe7 25. dxe5 Bxe5 26. Nc5 Bc8 27. b4 Rd8 28.
Qe2 Nb5 29. a4 Nc3 30. Qc4 b5 31. Qb3 Ne2+ 32. Kh2 Nxc1 33. Rxc1 Qf6 34. Kg1 Rd2 35. Ne4 Qf5 36. Nxd2 Be6 37. Qc2 Qf6 38. Ne4 Qe7 39. Nc5 bxa4 40. Nxe6 Qxe6 41. Qxc6 Qf5 42. Qc8+ Kg7 43.
Qxf5 gxf5 44. Bd5 a3 45. Rc5 Bb2 46. Ba2 f4 47. exf4 1-0

[Event "Late-Titled-Tuesday-Blitz-October-17-2023"]
[Site "Chess.com"]
[Date "2023.10.17"]
[Round "2"]
[White "Zlatan56"]
[Black "balachess2006"]
[Result "1-0"]
[WhiteElo "2949"]
[BlackElo "2601"]
[TimeControl "180+1"]
[EndTime "14:18:05 PDT"]
[Termination "Zlatan56 won by resignation"]

1. d4 Nf6 2. Nf3 c5 3. d5 b5 4. e4 Nxe4 5. Bd3 Qa5+ 6. c3 Nf6 7. O-O Bb7 8. c4 bxc4 9. Bxc4 d6 10. Nc3 g6 11.
Re1 Bg7 12. Bf4 O-O 13. Rxe7 Ba6 14. Bxa6 Qxa6 15. Qf1 Rd8 16. Rae1 h6 17. h3 Bf8 18.
Qxa6 Nxa6 19. Rb7 Rdb8 20. Rxb8 Rxb8 21. b3 Nb4 22. Rd1 Re8 23. a3 Nc2 24. Nb5 Ne4 25. Rc1 Rb8 26. a4 a6 27. Rxc2 axb5 28. a5 Ra8 29. Ra2 Nc3 30. Ra1 Nxd5 31. Bd2 Bg7 32. Rd1 Nc3 33. Bxc3 Bxc3 34. Rxd6 Rxa5 35. Rc6 Bb4 36.
Rb6 Ra3 37. Rxb5 Rxb3 38. Ne5 Rb1+ 39. Kh2 Re1 40. f4 Bd2 41. Kg3 Re3+ 42. Nf3 Re4 43.
Nxd2 Re3+ 44. Nf3 Rc3 45. Rb8+ Kg7 46. Rc8 g5 47. Rc7 Kg6 48. Rc6+ Kh5 49. fxg5 hxg5 50. Kh2 f5 51. Rf6 1-0

[Event "Late-Titled-Tuesday-Blitz-October-17-2023"]
[Site "Chess.com"]
[Date "2023.10.17"]
[Round "2"]
[White "LogoCzar"]
[Black "Sokoloco"]
[Result "0-1"]
[WhiteElo "2380"]
[BlackElo "2709"]
[TimeControl "180+1"]
[EndTime "14:18:07 PDT"]
[Termination "Sokoloco won by resignation"]

1. e4 d6 2. d4 g6 3. Nc3 Bg7 4. f4 Nf6 5. Nf3 Bg4 6. h3 Bxf3 7. Qxf3 Nc6 8. Be3 e5 9. dxe5 dxe5 10. f5 Nd4 11. Qf2 Qd7 12. g4 O-O-O 13. g5 Nh5 14. f6 Bf8 15. O-O-O Qc6 16. Bxd4 Rxd4 17. Rxd4 exd4 18.
Qxd4 Bc5 19. Qd1 Ng3 20. Qg4+ Nf5 21. Bb5 Qe6 22. exf5 gxf5 23. Qc4 Qe3+ 24. Kb1 Rd8 25. Nd5 Qf3 26. Ne7+ Bxe7 27. Rc1 Bd6 28. Qxf7 Bf4 29. Qe6+ Kb8 30. Qe7 Qd1 31. Qxd8+ Qxd8 32. Re1 c6 33. f7 Kc7 34. Bc4 Bxg5 35. a3 Be7 36.
Rg1 Qd6 37. Rg8 Bf8 38. Bb3 f4 39. Rg1 f3 40. Rf1 Qf4 41. c3 f2 42. Ka2 Qe3 43.
Bc4 Qe4 44. Kb3 b5 45. Rxf2 Qxc4+ 46. Kc2 Qe4+ 47. Kb3 Qe3 48. Rg2 Qxh3 49. Rg8 Qe6+ 50. Kc2 Qxf7 51. Rh8 Qg7 52. Rxf8 Qxf8 0-1

[Event "Late-Titled-Tuesday-Blitz-October-17-2023"]
[Site "Chess.com"]
[Date "2023.10.17"]
[Round "2"]
[White "maciek_92"]
[Black "Emp3rador"]
[Result "1-0"]
[WhiteElo "2846"]
[BlackElo "2531"]
[TimeControl "180+1"]
[EndTime "14:18:09 PDT"]
[Termination "maciek_92 won by resignation"]

1. c4 c6 2. Nf3 d5 3. b3 Nf6 4. g3 Bg4 5. Bg2 Nbd7 6. Bb2 e6 7. O-O Bd6 8. d3 Qe7 9. a3 O-O 10. h3 Bh5 11. Nbd2 Rfd8 12. b4 a5 13. c5 Bc7 14. Qb3 e5 15. e4 dxe4 16. dxe4 Bxf3 17. Nxf3 Nxe4 18. Rfe1 Nef6 19. Rac1 axb4 20. axb4 Nd5 21. Re2 Kh8 22. Rce1 f6 23. Nd4 Qf7 24. Nb5 Bb8 25. Nc3 Nf8 26. Nxd5 cxd5 27. Rd2 Ne6 28. Rxd5 Bc7 29.
Rxd8+ Rxd8 30. Bxb7 Qe7 31. Rd1 Nd4 32. Bxd4 exd4 33. Bf3 Qe5 34. h4 Rb8 35. Qc4 Rd8 36.
b5 Ba5 37. b6 h5 38. b7 Bc7 39. c6 g5 40. hxg5 Qxg5 41. Qf7 Bxg3 42. Qxh5+ Qxh5 43. Bxh5 Bc7 44. Kf1 Kg7 45. Bg4 Kg6 46. Bd7 f5 47. Rxd4 Kf6 48. Ra4 Ke7 49. Ra8 Kd6 50. Rxd8 Ke7 51.
Rc8 Bd8 52. b8=Q 1-0

[Event "Late-Titled-Tuesday-Blitz-October-17-2023"]
[Site "Chess.com"]
[Date "2023.10.17"]
[Round "2"]
[White "Elsa167"]
[Black "Giorno"]
[Result "1/2-1/2"]
[WhiteElo "2808"]
[BlackElo "2528"]
[TimeControl "180+1"]
[EndTime "14:18:09 PDT"]
[Termination "Game drawn by repetition"]

1. d4 d5 2. c4 e6 3. Nf3 Nf6 4. Nc3 Be7 5. g3 O-O 6. Bg2 Ne4 7. O-O Nxc3 8. bxc3 dxc4 9. Ne5 c5 10. Nxc4 cxd4 11.
cxd4 Nc6 12. Bb2 Bd7 13. e4 Na5 14. Nxa5 Qxa5 15. d5 exd5 16. exd5 Bd6 17. Qd4 f6 18. Rfe1 Rfe8 19. Bc3 Rxe1+ 20. Bxe1 Qb6 21. Qd1 Bf5 22. Qf3 Bd7 23. Qd3 Re8 24. Rb1 Qc7 25. Be4 h6 26. Bd2 b6 27. Rc1 Qd8 28. Be3 Qe7 29. Bg6 Rc8 30. Rxc8+ Bxc8 31. Qc4 Qc7 32. Qb5 Bd7 33. Qe2 Qc3 34. Bc2 Qa1+ 35. Kg2 Qe5 36. Qd3 f5 37.
Bb3 Kf7 38. Bf4 Qf6 39. Qe3 g5 40. Bxd6 Qxd6 41. Qd4 Kg6 42. Qh8 Qf6 43. Qg8+ Qg7 44. Qd8 f4 45. gxf4 gxf4 46. Bc2+ Kh5+ 47. Kf1 Bh3+ 48.
Ke1 Qe5+ 49. Kd2 Qd4+ 50. Kc1 Qa1+ 51. Kd2 Qd4+ 52. Kc1 Qa1+ 53. Kd2 Qd4+ 1/2-1/2

[Event "Late-Titled-Tuesday-Blitz-October-17-2023"]
[Site "Chess.com"]
[Date "2023.10.17"]
[Round "2"]
[White "Smiechu"]
[Black "Rodalquilar"]
[Result "0-1"]
[WhiteElo "2513"]
[BlackElo "2784"]
[TimeControl "180+1"]
[EndTime "14:18:09 PDT"]
[Termination "Rodalquilar won by resignation"]

1. e4 d5 2. exd5 Qxd5 3. Nf3 Bg4 4. Be2 Nc6 5. d4 O-O-O 6. Be3 e5 7. c4 Bb4+ 8. Nc3 Qa5 9. d5 e4 10. Nd2 Bxe2 11. Qxe2 Bxc3 12. bxc3 Ne5 13. O-O Nf6 14. Rab1 Qxc3 15. Rb3 Qc2 16. Rfb1 b6 17. Bd4 Nxc4 18. Qxc4 Qxd2 19. Bxf6 gxf6 20. Rc3 Rd7 21. Qc6 Qxd5 22. Qa4 Qd4 23. Qc2 f5 24. Rc1 c5 25. Rc4 Qd3 26.
Qa4 Rhd8 27. h3 Rc7 28. Qa6+ Kb8 29. a4 Rd4 30. a5 Rxc4 31. Rxc4 Qd1+ 32. Kh2 Qd6+ 33.
Kg1 Rd7 34. axb6 axb6 35. Ra4 Qc6 36. Qe2 Qxa4 37. Qb2 Qd1+ 38. Kh2 Qd6+ 39. Kg1 Kc7 40. Qa3 Qd1+ 41. Kh2 Qd6+ 42. Kg1 Qc6 43. Qa7+ Qb7 44. Qa1 Rd4 45. Qa2 Qd5 46. Qa7+ Kc6 47. Qa8+ Kb5 48. Qe8+ Kb4 49. Qb8 Rd1+ 0-1

[Event "Late-Titled-Tuesday-Blitz-October-17-2023"]
[Site "Chess.com"]
[Date "2023.10.17"]
[Round "2"]
[White "ural58"]
[Black "The_Princess_Moon"]
[Result "1-0"]
[WhiteElo "2511"]
[BlackElo "2331"]
[TimeControl "180+1"]
[EndTime "14:18:09 PDT"]
[Termination "ural58 won by resignation"]

1. e4 c5 2. b3 a6 3. d4 cxd4 4. Qxd4 Nc6 5. Qd2 d6 6. Bb2 Nf6 7. Nc3 g6 8. O-O-O Bg7 9. f3 Bd7 10. h4 h5 11. Nge2 b5 12. Kb1 b4 13. Nd5 Ne5 14.
Nxf6+ Bxf6 15. Qxb4 a5 16. Qe1 a4 17. Nc3 axb3 18. axb3 Qa5 19. Na4 Qa7 20. Bd4 Qb8 21.
Nb2 O-O 22. Nc4 Nxc4 23. Bxc4 Bxd4 24. Rxd4 Qa7 25. Qc3 Rfc8 26. Rhd1 Be6 27. Qb2 Rab8 28. Bxe6 fxe6 29. R1d3 e5 30. Ra4 Qg1+ 31. Qc1 Qxg2 32.
Qd2 Qh1+ 33. Kb2 Qxh4 34. Qg2 Qf6 35. Ra7 Rb6 36. Rc3 Rxc3 37. Kxc3 d5 38. Kb2 d4 39. Qe2 Qc6 40. Rxe7 Qc3+ 41. Kb1 Rxb3+ 42. cxb3 Qxb3+ 43. Qb2 Qd1+ 44. Ka2 Qa4+ 45. Qa3 Qc2+ 46. Ka1 Qd1+ 47. Kb2 Qd2+ 48. Kb3 Qc3+ 49. Ka4 Qc6+ 50. Ka5 d3 51. Qb3+ Kh8 52. Qb8+ 1-0

[Event "Late-Titled-Tuesday-Blitz-October-17-2023"]
[Site "Chess.com"]
[Date "2023.10.17"]
[Round "2"]
[White "Chempiblinka"]
[Black "esskeettit"]
[Result "0-1"]
[WhiteElo "2266"]
[BlackElo "2490"]
[TimeControl "180+1"]
[EndTime "14:18:10 PDT"]
[Termination "esskeettit won on time"]

1. Nf3 c5 2. g3 Nc6 3. Bg2 g6 4. O-O Bg7 5. c4 e5 6. d3 Nge7 7. Nc3 d6 8. Rb1 O-O 9. a3 a5 10. Ne1 Be6 11. Nc2 d5 12. b3 d4 13.
Nb5 h6 14. b4 b6 15. bxc5 bxc5 16. a4 Rb8 17. Ba3 Nb4 18. Na1 f5 19. Nb3 Qb6 20. Bxb4 cxb4 21. c5 Qd8 22. c6 Qb6 23. Qc2 Rbc8 24.
Rfc1 Kh7 25. c7 Nd5 26. Bxd5 Bxd5 27. Qc5 Qxc5 28. Rxc5 Bxb3 29. Rxb3 Rf7 30. Rd5 e4 31. Rd8 Rcxc7 32. Nxc7 Rxc7 33. Rd5 Rc3 34. Rb1 exd3 35. exd3 Rxd3 36. Rxa5 b3 37. Rb5 Rc3 38. R5xb3 Rc4 39. Ra3 Rc6 40. a5 Ra6 41. Rb6 Ra8 42. a6 h5 43. a7 Bf8 44. Ra1 Bc5 0-1

[Event "Late-Titled-Tuesday-Blitz-October-17-2023"]
[Site "Chess.com"]
[Date "2023.10.17"]
[Round "2"]
[White "VdovinDmitry"]
[Black "Alex_Sahakyan2006"]
[Result "0-1"]
[WhiteElo "2368"]
[BlackElo "2776"]
[TimeControl "180+1"]
[EndTime "14:18:15 PDT"]
[Termination "Alex_Sahakyan2006 won on time"]

1. e4 Nc6 2. d4 d5 3. Nc3 dxe4 4. d5 Nb8 5. f3 exf3 6. Nxf3 c6 7. Bf4 Nf6 8. Bc4 cxd5 9. Nxd5 Nxd5 10. Qxd5 Qxd5 11. Bxd5 e6 12. Bb3 Nc6 13. O-O-O f6 14. Rhe1 Kf7 15. g4 g5 16. Bc7 h5 17. h3 hxg4 18. hxg4 Rh3 19.
Rf1 Kg7 20. c3 Bc5 21. Bc2 e5 22. Bf5 Bxf5 23. gxf5 Rf8 24. b4 Be3+ 25. Kc2 Rf7 26. Bd6 Bf4 27. Bc5 Ne7 28. Bxe7 Rxe7 29. Rd8 g4 30. Rg1 Rxf3 31. Rxg4+ Bg5 32. Rc4 Rf2+ 33. Kb3 Rd2 34. Ra8 Rdd7 35. Rcc8 e4 36. Rh8 Re5 37. Rag8+ Kf7 38. Rf8+ Ke7 39. Re8+ Kd6 40. c4 e3 41. c5+ Kd5 42. Rxe5+ fxe5 43. Rh1 Ke4 44. Re1 Kxf5 45. Kc4 Ke4 46. b5 Rd4+ 47. Kc3 Bh4 48. c6 Bxe1+ 0-1

[Event "Late-Titled-Tuesday-Blitz-October-17-2023"]
[Site "Chess.com"]
[Date "2023.10.17"]
[Round "2"]
[White "GianmarcoVaR"]
[Black "MAGMAchess02"]
[Result "1-0"]
[WhiteElo "2704"]
[BlackElo "2351"]
[TimeControl "180+1"]
[EndTime "14:18:18 PDT"]
[Termination "GianmarcoVaR won by resignation"]

1. e4 g6 2. d4 Bg7 3. c3 c6 4. Nf3 d5 5. e5 h5 6. Bd3 Nh6 7.
Nbd2 Bf5 8. Be2 Nd7 9. O-O O-O 10. Re1 f6 11. exf6 exf6 12. Nh4 Kh7 13. Nf1 Bg4 14. Qc2 f5 15. Nf3 Bxf3 16. Bxf3 Nf6 17. Bd1 Qd7 18.
Bf4 Rae8 19. Be2 Nf7 20. Bd3 Nd6 21. f3 Nf7 22. Ng3 Bh6 23. Bxh6 Nxh6 24. Nh1 Qd6 25. Nf2 Qf4 26. Nh3 Qh4 27. Qd2 Nf7 28. Bf1 f4 29. Qxf4 Qxf4 30. Nxf4 Ng5 31. Nd3 Ne6 32. Re2 Ng7 33.
Rae1 Rxe2 34. Rxe2 Re8 35. Rxe8 Nfxe8 36. Ne5 Nd6 37. Bd3 Ngf5 38. g4 hxg4 39. fxg4 Ne7 40.
Kf2 Kg7 41. h4 a5 42. Ke3 Kf6 43. Kf4 Nf7 44. g5+ Kg7 45. Nxf7 Kxf7 46. Ke5 Nc8 47.
b3 b5 48. Be2 Ke7 49. h5 gxh5 50. Bxh5 Nd6 51. g6 Ne8 52. Be2 Ng7 53. c4 dxc4 54. bxc4 b4 55. Bd1 Ne8 56. Ba4 Kd7 57. d5 b3 58.
axb3 1-0

[Event "Late-Titled-Tuesday-Blitz-October-17-2023"]
[Site "Chess.com"]
[Date "2023.10.17"]
[Round "2"]
[White "nochewycandy"]
[Black "sorch29"]
[Result "0-1"]
[WhiteElo "2715"]
[BlackElo "2398"]
[TimeControl "180+1"]
[EndTime "14:18:18 PDT"]
[Termination "sorch29 won on time"]

1. c4 e5 2. g3 Nc6 3. Bg2 g6 4. Nc3 Bg7 5. e4 d6 6. Nge2 Nd4 7. O-O c5 8. d3 Ne7 9. Nxd4 cxd4 10. Ne2 O-O 11. b4 a5 12. b5 Be6 13. a4 Qd7 14.
Ba3 b6 15. Rc1 Rae8 16. Qd2 f5 17. exf5 gxf5 18. f4 Bh6 19. Kh1 Rf7 20. Qe1 Ng6 21.
Bc6 Qd8 22. Bxe8 Qxe8 23. Bxd6 Bc8 24. Nxd4 Bb7+ 25. Nf3 Qa8 26. Qe2 Rd7 27. Bxe5 Nxe5 28. Qxe5 Bxf3+ 29. Kg1 Bg7 30. Qe6+ Rf7 31. Qe3 Bh1 32.
Rf2 Bf6 33. d4 Re7 34. Qd2 Re4 35. d5 Rd4 36. Qe2 Be4 37. Rd1 Qc8 38. d6 Qd7 39. Rff1 Qxd6 40. h3 Qc5 41. Kh2 Qxc4 42. Qxc4+ Rxc4 43. Rd6 Rc2+ 44. Rf2 Rxf2+ 45. Kg1 Be7 46. Rxb6 Bc5 47.
Rb8+ Kg7 48. b6 Rb2+ 49. Kf1 Rxb6 50. Rc8 Be3 51. Ke2 Bd4 52. Rc7+ Kg6 53. g4 Rb2+ 54. Kd1 Be3 55. gxf5+ Kxf5 56. Rf7+ Ke6 57. Rf8 Bf3+ 0-1

[Event "Late-Titled-Tuesday-Blitz-October-17-2023"]
[Site "Chess.com"]
[Date "2023.10.17"]
[Round "2"]
[White "TheoSlade"]
[Black "schachlana"]
[Result "0-1"]
[WhiteElo "2499"]
[BlackElo "2364"]
[TimeControl "180+1"]
[EndTime "14:18:18 PDT"]
[Termination "schachlana won by resignation"]

1. d4 Nf6 2. c4 g6 3. Nc3 Bg7 4. e4 d6 5. Nf3 O-O 6. Be2 c5 7. O-O cxd4 8. Nxd4 Nc6 9. Be3 Bd7 10. f3 Rc8 11. Qd2 a6 12. Rfd1 Na5 13. b3 Qc7 14. Rac1 e5 15. Nc2 b5 16. Qxd6 Qxd6 17. Rxd6 bxc4 18.
b4 Nb3 19. axb3 cxb3 20. Na3 b2 21. Rc2 Ba4 22. Rxb2 Rxc3 23. Nc4 Bb5 24. Bd2 Rxc4 25. Bxc4 Bxc4 26. Bg5 Ne8 27. Rc6 Bb5 28. Rc8 Nd6 29.
Rxf8+ Bxf8 30. Rd2 Kg7 31. Bh4 Nc4 32. Rd8 Bxb4 33.
Rb8 Bc5+ 34. Bf2 Bd6 35. Rb7 Kf6 36. Bh4+ Ke6 37. Kf2 Bc5+ 38. Ke1 Bb4+ 39. Kf2 Bc5+ 40. Ke1 h6 41. g4 g5 42. Bg3 Bb4+ 43. Kf2 Nd6 44. Rb8 a5 45. Rh8 a4 46. Rxh6+ f6 47. Rh8 a3 48. Ra8 Bc4 49. h4 gxh4 50. Bxh4 a2 51.
f4 Nxe4+ 52. Ke3 Nd6 53. f5+ Kd5 54. Bxf6 Bc3 55. g5 Nxf5+ 56. Kf3 a1=Q 57. Rxa1 Bxa1 58. g6 e4+ 59. Kf4 Bxf6 60. Kxf5 Bc3 0-1

[Event "Late-Titled-Tuesday-Blitz-October-17-2023"]
[Site "Chess.com"]
[Date "2023.10.17"]
[Round "2"]
[White "Mikhal867"]
[Black "AlexNovitz"]
[Result "0-1"]
[WhiteElo "2442"]
[BlackElo "2217"]
[TimeControl "180+1"]
[EndTime "14:18:18 PDT"]
[Termination "AlexNovitz won by checkmate"]

1. d4 Nf6 2. g3 d5 3. Bg2 Bf5 4. Nf3 e6 5. O-O Be7 6. Nh4 Bg6 7. Nxg6 hxg6 8. c4 c6 9. Nc3 O-O 10. e4 dxe4 11. Nxe4 Nxe4 12. Bxe4 Nd7 13. h4 Nf6 14. Bc2 c5 15. Be3 Rc8 16. b3 Qb6 17. Bg5 Rfd8 18. h5 gxh5 19. Bxf6 Bxf6 20. Qxh5 g6 21. Qf3 Bxd4 22.
Rad1 Kg7 23. Kg2 Qc6 24. Be4 Qd6 25. Bxb7 Rc7 26. Be4 f5 27. Bc2 Rh8 28. Rh1 Rxh1 29.
Rxh1 Qc6 30. Qxc6 Rxc6 31. g4 Rc8 32. Re1 Kf6 33. gxf5 exf5 34. Kf3 Rc7 35. Re8 Re7 36. Rf8+ Kg7 37. Rd8 Kf6 38. b4 Rb7 39. b5 Rf7 40. a4 g5 41. a5 g4+ 42. Kg2 f4 43. Be4 Re7 44. Bd5 Re2 45. Rf8+ Kg5 46. Rg8+ Kf5 47. Rf8+ Kg5 48. Rg8+ Kf5 49. Kf1 Rxf2+ 50. Ke1 Rb2 51. b6 axb6 52. a6 Ra2 53. Ra8 f3 54. a7 f2+ 55. Kf1 Ra1+ 56. Ke2 f1=Q+ 57. Kd2 Qf2+ 58. Kd3 Qe3+ 59. Kc2 Qc3# 0-1

[Event "Late-Titled-Tuesday-Blitz-October-17-2023"]
[Site "Chess.com"]
[Date "2023.10.17"]
[Round "2"]
[White "DvaHrasta"]
[Black "NotFischer"]
[Result "1-0"]
[WhiteElo "2487"]
[BlackElo "2264"]
[TimeControl "180+1"]
[EndTime "14:18:19 PDT"]
[Termination "DvaHrasta won by resignation"]

1. c4 g6 2. g3 Bg7 3. Bg2 d6 4. Nc3 Nf6 5. Nf3 c5 6. O-O O-O 7. d4 cxd4 8. Nxd4 a6 9. b3 Nbd7 10. Bb2 Re8 11. Rc1 Qa5 12. h3 Rb8 13. e4 Ne5 14. f4 Nc6 15. Nxc6 bxc6 16. Kh2 Nd7 17. h4 Nf6 18. Bf3 h5 19. Rc2 Bg4 20. Qd3 Bxf3 21. Qxf3 Ng4+ 22. Kg2 e6 23. Rd1 Rbd8 24. Rdd2 Qb6 25.
Nd1 Bxb2 26. Rxb2 d5 27. e5 dxc4 28. bxc4 Rxd2+ 29. Rxd2 Qb1 30. Nf2 Rb8 31. Nxg4 hxg4 32. Qxg4 Qe4+ 33. Qf3 Qxc4 34. Qd3 Qd5+ 35. Qxd5 cxd5 36.
g4 Rb4 37. Kf3 a5 38. h5 gxh5 39. gxh5 a4 40. h6 Kh7 41. Rh2 a3 42. Kg4 Rb2 43. Rh3 Rxa2 44. Kg5 Rg2+ 45. Kf6 a2 46. Ra3 Rf2 47.
Kxf7 Rxf4+ 48. Kxe6 d4 49. Rxa2 d3 50. Kd5 Kxh6 51. Rg2 Ra4 52. e6 Ra6 53. Ke5 Ra7 54. Kf6 Kh5 55. e7 Ra8 56. Kf7 Kh4 57. e8=Q Rxe8 58.
Kxe8 Kh3 59. Rd2 Kg4 60. Rxd3 1-0

[Event "Late-Titled-Tuesday-Blitz-October-17-2023"]
[Site "Chess.com"]
[Date "2023.10.17"]
[Round "2"]
[White "dosto07"]
[Black "Binary010"]
[Result "0-1"]
[WhiteElo "2520"]
[BlackElo "2810"]
[TimeControl "180+1"]
[EndTime "14:18:20 PDT"]
[Termination "Binary010 won by checkmate"]

1. e4 e5 2. Nf3 Nc6 3. Bb5 a6 4. Ba4 Nf6 5. O-O Bc5 6. c3 b5 7. Bb3 d6 8. d4 Bb6 9. a4 Bg4 10. Be3 Bxf3 11. gxf3 O-O 12. Kh1 Rb8 13. axb5 axb5 14.
Rg1 Nh5 15. Na3 b4 16. Nc4 bxc3 17. bxc3 exd4 18. cxd4 Bxd4 19. Bxd4 Nxd4 20. Qxd4 Rxb3 21.
Ra5 Qf6 22. Qd1 Rc3 23. Ne3 Rc5 24. Nd5 Qh4 25. Rxc5 dxc5 26. Qd2 c6 27. Rg4 Qh3 28. Ne7+ Kh8 29. Qe3 Rd8 30. Rg1 Qe6 31. Nf5 g6 32. Nh6 Qf6 33. Ng4 Qf4 34. Qxf4 Nxf4 35. Rc1 c4 36. Ne3 Rd2 37. Nxc4 Rxf2 38. Ne5 f6 39.
Nxc6 Rxf3 40. Nd4 Re3 41. Rc8+ Kg7 42. Ne6+ Nxe6 43. Rc1 Rxe4 44. Kg1 g5 45. Rd1 Kg6 46.
Kf2 h5 47. Kf3 Rf4+ 48. Kg3 h4+ 49. Kg2 g4 50. Rd6 Ng5 51. Rd8 Kf5 52. Rd5+ Ke6 53.
Ra5 Rf3 54. h3 Rxh3 55. Ra6+ Kf5 56. Ra5+ Kg6 57. Ra4 Rg3+ 58. Kh2 Nf3+ 59. Kh1 Rg1# 0-1